 Dungeon Crawl Stone Soup version bcrawl-1.13.2 (webtiles) character file.

Game seed: 3405480475436312712

129 Felnil the Covered (level 4, -7/28 HPs)
             Began as a Skeleton Fighter on Aug 11, 2019.
             Killed by divine providence
             ... invoked by an orc priest
              (13 damage)
             ... on level 3 of the Dungeon.
             The game lasted 00:04:43 (1982 turns).

Felnil the Covered (Skeleton Fighter)               Turns: 1982, Time: 00:04:43

Health: -7/28      AC: 10    Str: 24    XL:     4   Next: 88%
Magic:  0/4        EV:  8    Int:  6    God:
Gold:   144        SH:  9    Dex:  8    Spells: 3/3 levels left

rFire    . . .     SeeInvis +   a - +0 rapier
rCold    + . .     Gourm    .   c - +0 shield
rNeg     + + +     Faith    .   b - +0 scale mail
rPois    ∞         Spirit   +   (no helmet)
rElec    .         Reflect  .   (no cloak)
rCorr    .         Harm     .   h - +2 pair of gloves
MR       .....                  (no boots)
Stlth    ..........             (no amulet)
HPRegen  0.09/turn              f - ring of see invisible
MPRegen  0.09/turn              (no ring)

@: no status effects
A: no food or potions, cold resistance 1, deterioration 1, negative energy
resistance 3, torment resistance, unbreathing, magic shield, sturdy frame 1,
spell healing
a: no special abilities


You were on level 3 of the Dungeon.
You were not hungry.

You visited 1 branch of the dungeon, and saw 3 of its levels.

You collected 144 gold pieces.

Inventory:

Hand Weapons
 a - a +0 rapier (weapon)
Armour
 b - a +0 scale mail (worn)
 c - a +0 shield (worn)
 h - a +2 pair of gloves (worn)
Jewellery
 f - a ring of see invisible (left hand)
Scrolls
 d - 2 scrolls of identify
 e - 5 scrolls of blinking
 g - a scroll of teleportation
 i - a scroll of fear


   Skills:
 - Level 3.0 Fighting
 - Level 2.4 Short Blades
 + Level 6.2 Armour
 - Level 3.6 Shields


You had 3 spell levels left.
You didn't know any spells.
Your spell library was empty.

Dungeon Overview and Level Annotations

Branches:
Dungeon (3/12)

Altars:


Innate Abilities, Weirdness & Mutations

You do not eat or drink.
You are immune to poison.
Your flesh is cold resistant. (rC+)
Your body sometimes deteriorates upon taking damage.
You are immune to negative energy. (rN+++)
You are immune to unholy pain and torment.
You can survive without breathing.
When hurt, damage is shared between your health and your magic reserves.
Your movements are slightly less encumbered by armour. (ER -2)
Casting spells heals you.


Message History

You are too injured to fight recklessly!
You are too injured to fight recklessly!
You are too injured to fight recklessly!
You are too injured to fight recklessly!
You closely miss the orc.
The orc is almost dead.
You block the orc's attack. The orc closely misses you.
You hit the orc.
You kill the orc!
You hit the orc.
The orc is heavily wounded.
You block the orc's attack.
You barely miss the orc.
The orc is heavily wounded.
The orc priest calls upon Beogh to heal the orc.
The orc's wounds heal themselves!
You block the orc's attack.
You completely miss the orc. The orc hits you but does no damage.
The orc priest mumbles some strange prayers to Beogh against you.
Beogh smites you!
You die...

..
#.......######.......#.
... #..######
##.#.#.#.. ....###..##
#.......#
.........######
##....#..
..####.#......#
##...... #.###.##....
##..#.. .. #.## #
##.... #.# #..# ###.#
.. ##@# ### ... #o# ##
#o# #. #.# #. #.# ##.
#.# ###.. ... #...# ###
#.### #....


You could see an orc priest and an orc.

Vanquished Creatures
  2 orc wizards (D:3)
  An ooze (D:1)
  A worm (D:2)
  2 dart slugs
  A leopard gecko (D:3)
  4 orcs (D:3)
  10 bats
  2 giant cockroaches (D:1)
  5 goblins
  6 hobgoblins
  11 jackals (D:3)
  2 quokkas
  A ball python (D:3)
  3 frilled lizards
  6 kobolds
  3 rats (D:1)
60 creatures vanquished.

Notes
Turn   | Place    | Note
-------+----------+-------------------------------------------
     0 | D:1      | Felnil the Skeleton Fighter began the quest for the Orb.
     0 | D:1      | Reached XP level 1. HP: 14/14 MP: 1/1
     6 | D:1      | Noticed a black mamba
     6 | D:1      | Noticed a polar bear
     7 | D:1      | Noticed a wyvern
     7 | D:1      | Noticed a hog
    62 | D:1      | Reached skill level 4 in Armour
    62 | D:1      | Reached XP level 2. HP: 14/19 MP: 2/2
   806 | D:2      | Reached XP level 3. HP: 18/23 MP: 3/3
  1202 | D:2      | Reached skill level 5 in Armour
  1345 | D:3      | Reached XP level 4. HP: 12/28 MP: 1/4
  1375 | D:3      | Reached skill level 6 in Armour
  1982 | D:3      | Killed from afar by an orc priest

Skill      XL: |  1  2  3  4 |
---------------+-------------+-----
Armour         | 4 5 6 |  6.2
Fighting       | |  3.0
Short Blades   | |  2.4
Shields        | |  3.6

Action                   |  1- 3 |  4- 6 || total
-------------------------+-------+-------++-------
Melee: Rapier            |   139 |    74 ||   213
  Use: Scroll            |       |     3 ||     3
Armor: Scale mail        |    66 |    28 ||    94
Dodge: Dodged            |    58 |    18 ||    76
Block: Shield            |    78 |    53 ||   131
